 Dungeon Crawl Stone Soup version 0.28.0 (webtiles) character file.

Game seed: 11054967843243624984

848 styxcanada the Covered (level 7, 0/62 HPs)
             Began as a Minotaur Fighter on Feb 17, 2022.
             Succumbed to PerfectTommy's ghost's sting
             ... on level 4 of the Dungeon on Feb 19, 2022.
             The game lasted 00:12:48 (4166 turns).

styxcanada the Covered (Minotaur Fighter)           Turns: 4166, Time: 00:12:49

Health: 0/62       AC: 15    Str: 22    XL:     7   Next: 69%
Magic:  6/6        EV:  8    Int:  5    God:
Gold:   264        SH:  4    Dex: 10    Spells: 6/6 levels left

rFire   . . .      SeeInvis .   a - +0 war axe
rCold   . . .      Faith    .   c - +0 buckler
rNeg    . . .      Spirit   .   l - +0 chain mail
rPois   .          Reflect  .   (helmet restricted)
rElec   .          Harm     .   (no cloak)
rCorr   .          Rampage  .   o - +0 pair of gloves
Will    .....                   h - +2 pair of boots
Stlth   ..........              (no amulet)
HPRegen 0.20/turn               (no ring)
MPRegen 0.10/turn               (no ring)

@: mighty, lethally poisoned (0 -> -8)
A: horns 2, retaliatory headbutt
a: no special abilities


You were on level 4 of the Dungeon.
You visited 1 branch of the dungeon, and saw 4 of its levels.

You collected 264 gold pieces.

Inventory:

Hand Weapons
 a - a +0 war axe (weapon)
 e - a +1 antimagic short sword
 q - a +2 flail of holy wrath
Missiles
 f - 10 poisoned darts (quivered)
 k - 60 stones
 p - a boomerang
Armour
 c - a +0 buckler (worn)
 h - a +2 pair of boots (worn)
 l - a +0 chain mail (worn)
 o - a +0 pair of gloves (worn)
Scrolls
 b - 2 scrolls of identify
Potions
 g - a potion of invisibility
 i - a potion of flight
 j - 2 potions of haste


   Skills:
 * Level 5.9 Fighting
 + Level 6.3 Axes
 + Level 1.0 Throwing
 * Level 7.1 Armour
 + Level 1.6 Dodging
 + Level 4.3 Shields


You had 6 spell levels left.
You didn't know any spells.
Your spell library was empty.

Dungeon Overview and Level Annotations

Branches:
Dungeon (4/15)
 Temple: D:4-7

Altars:
Gozag


Innate Abilities, Weirdness & Mutations

You have a pair of horns on your head.
You reflexively headbutt those who attack you in melee.


Message History

Unknown command.
You hit PerfectTommy's ghost. You headbutt PerfectTommy's ghost!
PerfectTommy's ghost is severely damaged.
You feel very sick.
You block PerfectTommy's ghost's attack.
You hit PerfectTommy's ghost. You headbutt PerfectTommy's ghost.
PerfectTommy's ghost is almost destroyed.
You feel very sick.
PerfectTommy's ghost points at you and mumbles some strange words.
The sting hits you.
You are more poisoned.
You closely miss PerfectTommy's ghost.
Your headbutt misses PerfectTommy's ghost.
PerfectTommy's ghost is almost destroyed.
You feel very sick. PerfectTommy's ghost hits you.
You are lethally poisoned!
PerfectTommy's ghost gestures at you while chanting.
The sting hits you but does no damage.
You are more poisoned.
You slice PerfectTommy's ghost!!
You destroy PerfectTommy's ghost!
* * * LOW HITPOINT WARNING * * *
You feel extremely sick.
Your Axes skill increases to level 6!
Your Armour skill increases to level 7!
Okay, then.
There is a lethal amount of poison in your body!
* * * LOW HITPOINT WARNING * * *
You feel very sick.
There is an open translucent gate, spattered with blood here.
You see here a water moccasin corpse.
* * * LOW HITPOINT WARNING * * *
You feel very sick.
You see here 8 gold pieces.
* * * LOW HITPOINT WARNING * * *
You feel very sick.
You see here 12 gold pieces.
* * * LOW HITPOINT WARNING * * *
You feel sick.
You die...

#...........<.
#######......#.....
###....#.......#.....
#..............[)....
##.............[.....
#.......###......###
#######..##.#.#..#.#
##.8∩8.##..#####.##..
#...@..(#.## ##.#..#
#8..8..8#..####....##
#∩.$_...#....###....#
####$...$##....###.....
##..##†''##.###......#..
#....................###
##>........##.....)...##
#.........###...........
##......................


There were no monsters in sight!

Vanquished Creatures
  The ghost of PerfectTommy the Nimble, an amateur GnWn of Uskayaw (D:4)
  A wyvern (D:4)
  A water moccasin (D:4)
  A black bear (D:4)
  3 orc priests (D:3)
  2 orc wizards (D:3)
  5 adders
  2 adder skeletons (D:4)
  3 dart slugs
  20 orcs
  6 endoplasms
  2 giant cockroaches
  7 hobgoblins
  6 jackals
  3 kobolds
  2 quokkas
  3 ball pythons
  5 bats
  4 frilled lizards
  6 goblins
  8 rats
91 creatures vanquished.

Vanquished Creatures (others)
  A plant (D:4)
1 creature vanquished.

Grand Total: 92 creatures vanquished

Notes
Turn   | Place    | Note
-------+----------+-------------------------------------------
     0 | D:1      | styxcanada the Minotaur Fighter began the quest for the
                  | Orb.
     0 | D:1      | Reached XP level 1. HP: 19/19 MP: 0/0
   195 | D:1      | Reached XP level 2. HP: 27/27 MP: 1/1
   234 | D:1      | Reached skill level 4 in Armour
   955 | D:2      | Reached XP level 3. HP: 30/33 MP: 2/2
   993 | D:2      | HP: 1/34 [poisoned by an adder]
  1630 | D:2      | Found a faded altar of an unknown god.
  1706 | D:2      | Reached XP level 4. HP: 41/41 MP: 3/3
  2099 | D:3      | Reached skill level 5 in Armour
  2226 | D:3      | Reached XP level 5. HP: 47/47 MP: 4/4
  2690 | D:3      | Reached skill level 5 in Fighting
  3246 | D:4      | Reached XP level 6. HP: 51/56 MP: 5/5
  3278 | D:4      | Reached skill level 1 in Dodging
  3553 | D:4      | Noticed a wyvern
  3563 | D:4      | Killed a wyvern
  3564 | D:4      | Reached skill level 5 in Axes
  3564 | D:4      | Reached skill level 1 in Throwing
  3564 | D:4      | Reached skill level 6 in Armour
  3739 | D:4      | Found a runed translucent gate.
  3763 | D:4      | Found a runed translucent gate.
  3763 | D:4      | Found a runed translucent gate.
  3764 | D:4      | Found an opulent altar of Gozag.
  3764 | D:4      | Noticed a water moccasin
  3765 | D:4      | Noticed PerfectTommy's ghost (amateur GnWn)
  3812 | D:4      | Reached XP level 7. HP: 43/61 MP: 6/6
  4161 | D:4      | Killed PerfectTommy's ghost
  4162 | D:4      | Reached skill level 7 in Armour
  4164 | D:4      | HP: 3/62 [poisoned by PerfectTommy's ghost (sting)]
  4166 | D:4      | Succumbed to PerfectTommy's ghost's sting

Illustrated notes

Levels and vault maps discovered:
D:1:      matt_arrival_spirals, layout_basic, chequers_garden,
          minmay_split_cup_small
D:2:      layout_basic, dreamdust_ecumenical_altar_angels_and_demons,
          minmay_diced_spiral
D:3:      layout_loops_corners, grunt_decor_fettered
D:4:      cheibrodos_old_hovel, layout_cave_pools, ebering_ghost_gozag,
          minmay_hedge_maze

Skill      XL: |  1  2  3  4  5  6  7 |
---------------+----------------------+-----
Fighting       | 4 5 |  5.9
Armour         | 4 5 6 7 |  7.1
Axes           | 3 4 5 6 |  6.3
Shields        | 4 |  4.3
Dodging        | 1 |  1.6
Throwing       | 1 |  1.0

Action                   |  1- 3 |  4- 6 |  7- 9 || total
-------------------------+-------+-------+-------++-------
Melee: War axe           |    56 |    99 |     9 ||   164
       Headbutt          |     4 |    15 |     3 ||    22
Throw: Stone             |     6 |       |       ||     6
       Dart              |       |     9 |       ||     9
  Use: Potion            |     2 |       |     1 ||     3
       Scroll            |       |    11 |       ||    11
Armor: Scale mail        |    23 |    40 |       ||    63
       Chain mail        |       |    14 |     7 ||    21
Dodge: Dodged            |    36 |    30 |     2 ||    68
Block: Buckler           |    13 |    20 |     3 ||    36
